cohdb
Replays
Latest Replays
All Replays
Popular Replays
Top Player Replays
Match Explorer
How It Works
Community
CoH3 Stats
Reddit
Sign in to upload your games and track your stats! →
Sign in with Steam
Match 45591652
Unlisted
Match 45591652
Overview
Messages
Build Orders
End
Construct Barracks
Selects Heavy Weapons
Riflemen Squad
Riflemen Squad
Grenade Package
Riflemen Squad
Mechanized Support Center
Riflemen Squad
Selects Assault Carriers
Selects Exchangeable Parts
FlapJackThePancake
狐狸精
Hio
Heath Lair
Zac Efron
Bogu
Oncle-Hô
jimboslice
0
0
Comments
sign in to comment!
No comments posted yet!